 Dungeon Crawl Stone Soup version 0.29.0-4-gdea44cf6ec (webtiles) character file.

Game seed: 17842871158963883173

755 qw the Cleaver (level 7, -1/41 HPs)
             Began as a Tengu Warper on Aug 28, 2022.
             Slain by an orc priest
             ... wielding a +0 war axe
              (5 damage)
             ... on level 5 of the Dungeon.
             The game lasted 00:00:29 (5370 turns).

qw the Cleaver (Tengu Warper)                       Turns: 5370, Time: 00:00:30

Health: -1/41      AC:  9    Str: 13    XL:     7   Next: 79%
Magic:  11/11      EV:  7    Int: 13    God:
Gold:   247        SH:  5    Dex: 14    Spells: 10/10 levels left

rFire   . . .      SeeInvis .   Y - +0 war axe
rCold   . . .      Faith    .   (no shield)
rNeg    . . .      Spirit   .   f - +0 chain mail
rPois   .          Reflect  +   (helmet restricted)
rElec   .          Harm     .   (no cloak)
rCorr   .          Rampage  .   (no gloves)
Will    .....                   (boots unavailable)
Stlth   ..........              m - amulet of reflection
HPRegen 0.13/turn               (no ring)
MPRegen 0.12/turn               (no ring)

@: flying quickly and evasively, quick
A: beak, talons 3, nimble flight
a: no special abilities


You were on level 5 of the Dungeon.
You visited 1 branch of the dungeon, and saw 5 of its levels.
You also visited: Sewer.

You collected 247 gold pieces.


Innate Abilities, Weirdness & Mutations

You have a beak for a mouth.
You have claws for feet.
Your magical nature lets you fly swiftly and evasively.


   Skills:
 - Level 3.1 Fighting
 + Level 8.5 Axes
 - Level 1.0 Throwing
 - Level 2.9 Armour
 - Level 2.1 Dodging
 - Level 2.0 Spellcasting
 - Level 2.4 Translocations


You had 10 spell levels left.
You didn't know any spells.
Your spell library contained the following spells:

 Spells                   Type           Power      Damage    Failure   Level
 Blink                    Tloc           14%        N/A       99%         2
 Gell's Gravitas          Tloc           7%         N/A       100%        3
 Lesser Beckoning         Tloc           7%         N/A       100%        3
 Teleport Other           Tloc           7%         N/A       100%        3
 Manifold Assault         Tloc           7%         N/A       100%        5

Inventory:

Hand Weapons
 h - a +0 flail
 Y - a +0 war axe (weapon)
Armour
 f - a +0 chain mail (worn)
Jewellery
 m - an amulet of reflection (around neck)
Scrolls
 g - a scroll of identify
Potions
 a - a potion of flight {unknown}
 b - a potion of degeneration {unknown}
 d - a potion of curing
 e - a potion of magic {unknown}
 i - a potion of haste
 k - a potion of brilliance {unknown}

Dungeon Overview and Level Annotations

Branches:
Dungeon (5/15)              Sewer (visited)
 Temple: D:4-7

Altars:
Elyvilon
Trog
The Shining One


Message History

You claw the orc priest, but do no damage.
The orc priest is moderately wounded.
You hit the orc. The orc hits you but does no damage.
The orc priest barely misses you.
You slash the orc!
You kill the orc!
You hit the orc priest. The orc priest barely misses you.
The white imp gestures at you. The puff of frost hits you.
You hit the orc priest but do no damage.
You peck the orc priest.
The orc priest is heavily wounded.
The orc priest barely misses you.
The white imp grinds its teeth.
The white imp hits you but does no damage.
The orc priest mumbles some strange prayers to Beogh against you.
Pain shoots through your body!
You barely miss the orc priest. Your peck misses the orc priest.
The orc priest is heavily wounded.
You hit the white imp.
The white imp hits you but does no damage.
The orc priest hits you with a +0 war axe.
You completely miss the orc priest.
The orc priest is heavily wounded.
You hit the white imp. The white imp barely misses you.
The orc priest hits you with a +0 war axe!
You barely miss the white imp.
The white imp is severely wounded.
You barely miss the orc priest.
The white imp hits you but does no damage.
You block the orc priest's attack.
You barely miss the white imp.
The white imp is severely wounded.
You barely miss the orc priest. The white imp gestures at you.
The puff of frost hits you!
The orc priest hits you with a +0 war axe.
You die...

#.............
#########......#......
......................
###.##.#..............
.####..#...#............
.....#.#...#>...........
#....................
###........###.#...<...
#....5@.#.## #.#.......
#....o).#..###.........
.....................<.!.
#.##.##.#................
. ... .......###.........
#.. ##.###....##...####.
#. ..# #.....#..## . o.
... ......... .....##


You could see an orc priest and a white imp.

Vanquished Creatures
  An ice beast (D:5)
  3 kobold brigands (Sewer)
  A scorpion (D:5)
  A hound (D:5)
  2 iguanas (D:4)
  An orc priest (D:4)
  2 orc wizards (D:4)
  2 river rats (Sewer)
  10 adders
  An ufetubus (D:4)
  6 worms
  5 orcs
  11 ball pythons
  13 endoplasms
  2 giant cockroaches
  3 goblins
  4 hobgoblins
  11 jackals
  A quokka (D:1)
  9 bats
  5 frilled lizards
  14 kobolds
  8 rats
116 creatures vanquished.

Vanquished Creatures (others)
  9 toadstools (D:5)
9 creatures vanquished.

Grand Total: 125 creatures vanquished

Notes
Turn   | Place    | Note
-------+----------+-------------------------------------------
     0 | D:1      | qw the Tengu Warper began the quest for the Orb.
     0 | D:1      | Reached XP level 1. HP: 12/12 MP: 4/4
     0 | D:1      | 0 ||| qw: Version: 0.1-a-89-g26bdef1
     0 | D:1      | 0 ||| qw: Game counter: 1909
     0 | D:1      | 0 ||| qw: Always use a shield: true
     0 | D:1      | 0 ||| qw: God list: Okawaru
     0 | D:1      | 0 ||| qw: Allow faded altars: false
     0 | D:1      | 0 ||| qw: Do Orc after D:15 true
     0 | D:1      | 0 ||| qw: Do second Lair branch before Depths: true
     0 | D:1      | 0 ||| qw: Lair rune preference: random
     0 | D:1      | 0 ||| qw: Plans: Normal
     0 | D:1      | 0 ||| PLANNING D:1-11
   140 | D:1      | 140 ||| Stepping ~*~*~tactically~*~*~ (stealth).
   187 | D:1      | Reached XP level 2. HP: 16/17 MP: 6/6
   223 | D:1      | Reached skill level 3 in Axes
   358 | D:1      | 358 ||| Stepping ~*~*~tactically~*~*~ (stealth).
   360 | D:1      | 360 ||| Stepping ~*~*~tactically~*~*~ (stealth).
   372 | D:1      | Reached XP level 3. HP: 19/21 MP: 7/7
   410 | D:1      | You fall into a shaft and drop 1 floor!
   411 | D:2      | 411 ||| UPGRADING to +0 chain mail.
   421 | D:2      | 421 ||| DROPPING +0 leather armour.
   422 | D:2      | 422 ||| READING scroll labelled VUKEOM XOFO.
   523 | D:2      | 523 ||| DROPPING scroll of blinking.
   589 | D:1      | 589 ||| Stepping ~*~*~tactically~*~*~ (stealth).
   844 | D:1      | Reached skill level 4 in Axes
   851 | D:1      | Found a faded altar of an unknown god.
   964 | D:1      | 964 ||| READING scroll labelled CEHUTZ CEPITTITH.
  1010 | D:2      | 1010 ||| DROPPING +0 club.
  1087 | D:2      | 1087 ||| SWAPPING to +0 war axe.
  1100 | D:2      | 1100 ||| DROPPING +0 hand axe.
  1245 | D:2      | Found a white marble altar of Elyvilon.
  1563 | D:2      | 1563 ||| READING scroll labelled EVAIVA GUSM.
  1564 | D:2      | 1564 ||| READING 2 scrolls labelled WENLIGINAD.
  1565 | D:2      | 1565 ||| READING scroll labelled ANUR BEDUQOOMM.
  1566 | D:2      | 1566 ||| READING scroll labelled AHOUHA CYOSTRUD.
  1567 | D:2      | 1567 ||| DRINKING 2 black potions.
  1568 | D:2      | 1568 ||| DROPPING scroll of amnesia.
  1655 | D:3      | Reached XP level 4. HP: 16/26 MP: 8/8
  1931 | D:3      | 1931 ||| Stepping ~*~*~tactically~*~*~ (stealth).
  2157 | D:3      | 2157 ||| DROPPING +0 whip.
  2581 | D:3      | 2581 ||| DRINKING 2 sedimented emerald potions.
  2582 | D:3      | 2582 ||| DRINKING 4 green potions.
  2583 | D:3      | 2583 ||| DROPPING potion of attraction.
  2639 | D:4      | 2639 ||| PLANNING SEWER
  2643 | D:4      | Reached skill level 5 in Axes
  2723 | D:4      | 2723 ||| Stepping ~*~*~tactically~*~*~ (stealth).
  2775 | D:4      | Found a glowing drain.
  2869 | D:4      | Gained mutation: Your magical nature lets you fly swiftly
                  | and evasively. [Tengu growth]
  2869 | D:4      | Reached XP level 5. HP: 24/30 MP: 9/9
  2881 | D:4      | 2881 ||| FLEEEEING.
  2882 | D:4      | 2882 ||| FLEEEEING.
  2883 | D:4      | 2883 ||| FLEEEEING.
  2938 | Sewer    | Entered a sewer
  2962 | Sewer    | Noticed a kobold brigand
  2978 | Sewer    | HP: 2/30 [kobold brigand/+0 whip (8)]
  2979 | Sewer    | 2979 ||| DRINKING 3 potions of heal wounds.
  2984 | Sewer    | Killed a kobold brigand
  2985 | Sewer    | Reached skill level 6 in Axes
  3205 | Sewer    | Noticed a kobold brigand
  3226 | Sewer    | Killed a kobold brigand
  3227 | Sewer    | Reached XP level 6. HP: 15/35 MP: 10/10
  3935 | Sewer    | 3935 ||| DRINKING 3 potions of curing.
  3935 | Sewer    | 3935 ||| (to cure poison)
  3938 | Sewer    | HP: 6/35 [poisoned by a kobold brigand (curare-tipped
                  | dart)]
  3939 | Sewer    | 3939 ||| DRINKING 2 potions of heal wounds.
  3943 | Sewer    | HP: 5/35 [kobold brigand/+0 dagger (4)]
  3944 | Sewer    | 3944 ||| DRINKING potion of heal wounds.
  3950 | Sewer    | Reached skill level 7 in Axes
  4103 | Sewer    | 4103 ||| READING scroll labelled HADOFEACA.
  4108 | Sewer    | 4108 ||| READING scroll labelled FULEIXZ FESS.
  4109 | Sewer    | 4109 ||| DRINKING 2 cyan potions.
  4126 | D:4      | 4126 ||| PLANNING D:1-11
  4157 | D:4      | Found a glowing golden altar of the Shining One.
  4166 | D:4      | 4166 ||| Stepping ~*~*~tactically~*~*~ (hiding).
  4167 | D:4      | 4167 ||| Stepping ~*~*~tactically~*~*~ (hiding).
  4168 | D:4      | 4168 ||| Stepping ~*~*~tactically~*~*~ (hiding).
  4187 | D:4      | 4187 ||| DRINKING 2 potions of curing.
  4187 | D:4      | 4187 ||| (to cure confusion)
  4208 | D:4      | Reached XP level 7. HP: 19/40 MP: 11/11
  4493 | D:4      | Reached skill level 3 in Fighting
  4911 | D:4      | Found a bloodstained altar of Trog.
  5121 | D:4      | 5121 ||| UPGRADING to amulet of reflection.
  5126 | D:4      | 5126 ||| READING scroll labelled YMAKACH DEREOG.
  5144 | D:5      | Entered Level 5 of the Dungeon
  5178 | D:5      | Reached skill level 8 in Axes
  5351 | D:5      | 5351 ||| Stepping ~*~*~tactically~*~*~ (hiding).
  5359 | D:5      | HP: 9/41 [hound (3)]
  5360 | D:5      | 5360 ||| DRINKING potion of heal wounds.
  5370 | D:5      | HP: 4/41 [white imp/puff of frost (8)]
  5370 | D:5      | Slain by an orc priest

Levels and vault maps discovered:
D:1:      nagdon_arrival_zigzag_paths, layout_basic,
          ebering_ecumenical_altar_box
D:2:      layout_basic, basic_altar
D:3:      layout_loops_corners
D:4:      minmay_wonky_spiral, layout_rooms, bloody_trog,
          mainiacjoe_overflow_catwalk, cheibrodos_sewer_entry_drain,
          hangedman_decor_peaks_small, dk_noncrumbling_2,
          uniq_crazy_yiuf_cottage
D:5:      cheibrodos_fertilizer, layout_rooms, mainiacjoe_overflow_alcove_2,
          minivault_19, serial_bayou_pond_d

Skill      XL: |  1  2  3  4  5  6  7 |
---------------+----------------------+-----
Axes           | 3 4 5 6 7 8 |  8.5
Armour         | 2 |  2.9
Fighting       | 3 |  3.1
Throwing       | |  1.0
Dodging        | |  2.1
Spellcasting   | |  2.0
Translocations | |  2.4

Action                   |  1- 3 |  4- 6 |  7- 9 || total
-------------------------+-------+-------+-------++-------
Melee: Hand axe          |    63 |       |       ||    63
       Kick              |    21 |    40 |    13 ||    74
       Peck              |     8 |    23 |    13 ||    44
       War axe           |    23 |   166 |    66 ||   255
       Punch             |       |       |     1 ||     1
Throw: Boomerang         |     7 |       |       ||     7
       Javelin           |       |       |    10 ||    10
  Use: Scroll            |     6 |     2 |     1 ||     9
       Potion            |     1 |     8 |     1 ||    10
 Stab: Distracted        |     1 |       |       ||     1
Armor: Leather armour    |    18 |       |       ||    18
       Chain mail        |    27 |    72 |    35 ||   134
Dodge: Dodged            |    34 |    50 |    22 ||   106
Block: Other             |       |       |     8 ||     8

Table legend:
 A = Non-vault XP
 B = Vault XP
 C = Vault XP percentage of total XP
 D = Non-vault monster count
 E = Vault monster count
 F = Vault count percentage of total count
                 A         B        C        D         E       F
            +---------+---------+-------+---------+---------+-------
      Total |     543 |     536 |  49.7 |      81 |      35 |  30.2
            +---------+---------+-------+---------+---------+-------
        D:1 |      53 |       0 |   0.0 |      32 |       0 |   0.0
        D:2 |      14 |       0 |   0.0 |       7 |       0 |   0.0
        D:3 |      45 |       0 |   0.0 |      14 |       0 |   0.0
        D:4 |     156 |     145 |  48.2 |      22 |       7 |  24.1
        D:5 |     275 |       0 |   0.0 |       6 |       0 |   0.0
      Sewer |       0 |     391 | 100.0 |       0 |      28 | 100.0
            +---------+---------+-------+---------+---------+-------
